 Dungeon Crawl Stone Soup version 0.30-a0-1053-gbd8d5ba0ad (webtiles) character file.

Game seed: 13586530609408499648

419 cforsyth the Caller (level 6, -11/36 HPs)
             Began as an Octopode Summoner on Apr 11, 2023.
             Mangled by a nameless horror (13 damage)
             ... created by miscasting Summon Lightning Spire
             ... on level 4 of the Dungeon.
             The game lasted 00:10:03 (3920 turns).

cforsyth the Caller (Octopode Summoner)             Turns: 3920, Time: 00:10:04

Health: -11/36     AC:  1    Str:  7    XL:     6   Next: 93%
Magic:  1/12       EV: 13    Int: 20    God:
Gold:   149        SH:  0    Dex: 12    Spells: 0/13 levels left

rFire   . . .      SeeInvis .    (no weapon)
rCold   . . .      Faith    .    (no shield)
rNeg    . . .      Spirit   .    (helmet restricted)
rPois   .          Reflect  .    (no amulet)
rElec   .          Rampage  .    e - +4 ring of slaying
rCorr   .                        (no ring)
Will    .....                    (no ring)
Stlth   +++                      (no ring)
HPRegen 0.26/turn                (no ring)
MPRegen 0.13/turn                (no ring)
                                 (no ring)
                                 (no ring)

@: mighty, weak-willed
A: almost no armour, amphibious, 8 rings, camouflage 1, gelatinous body 1,
(nimble swimmer 1), tentacles
a: no special abilities


You were on level 4 of the Dungeon.
You visited 2 branches of the dungeon, and saw 6 of its levels.

You collected 149 gold pieces.

Inventory:

Jewellery
 e - a +4 ring of slaying (left tentacle)
 r - an amulet of guardian spirit
Wands
 t - a wand of iceblast (6)
Scrolls
 h - a scroll of enchant weapon
 j - a scroll of amnesia {unknown}
 l - a scroll of vulnerability
 m - a scroll of teleportation {unknown}
 n - a scroll of noise {unknown}
 o - a scroll of immolation
 s - a scroll of identify
Potions
 a - 2 potions of magic
 b - 2 potions of curing {unknown}
 c - a potion of might
 f - a potion of heal wounds {unknown}
 g - a potion of berserk rage
 i - a potion of resistance {unknown}
 k - a potion of lignification {unknown}
 p - a potion of degeneration {unknown}
 q - a potion of brilliance {unknown}


   Skills:
 - Level 2.0 Dodging
 - Level 2.6 Stealth
 + Level 4.4 Spellcasting
 + Level 2.8 Hexes
 + Level 5.9 Summonings
 + Level 0.0 Air Magic


You couldn't memorise any spells.
You knew the following spells:

 Your Spells              Type           Power      Damage    Failure   Level
a - Summon Small Mammal   Summ           100%       N/A       1%          1
b - Call Imp              Summ           56%        N/A       1%          2
c - Call Canine Familiar  Summ           28%        N/A       3%          3
d - Summon Guardian Gole  Hex/Summ       21%        N/A       6%          3
e - Summon Lightning Spi  Summ/Air       16%        N/A       36%         4

Your spell library contained the following spells:

 Spells                   Type           Power      Damage    Failure   Level
 Sublimation of Blood     Necr           4%         N/A       19%         2
 Petrify                  Tmut/Erth      4%         N/A       77%         4
 Irradiate                Conj/Tmut      2%         3d12      98%         5


Dungeon Overview and Level Annotations

Branches:
Dungeon (5/15)             Temple (1/1) D:4

Altars:
Ashenzari
Cheibriados
Dithmenos
Fedhas
Hepliaklqana
Makhleb
Okawaru
Qazlal
Ru
Sif Muna
Trog
Uskayaw
Xom
Yredelemnul
Zin

Annotations:
D:2 Terence
D:5 Pikel


Innate Abilities, Weirdness & Mutations

You cannot wear most types of armour.
You are amphibious.
You can wear up to eight rings at the same time.
Your skin changes colour to match your surroundings (Stealth+).
Your rubbery body absorbs attacks. (AC +1, EV +1)
((You are camouflaged when in or above water. (Stealth+)))
You have tentacles for arms and can constrict up to eight enemies at once.


Message History

You aren't carrying any weapons that can be enchanted.
The centaur misses you. The centaur barely misses you.
Your hound bites the nameless horror.
Send 'em back where they came from!
Your hound shudders.
As you read the scroll labelled RYPSIQ NEITAE, it crumbles to dust.
Magic quickly surges around you.
It was a scroll of vulnerability.
The centaur hits you. The centaur barely misses you.
Your hound bites the nameless horror but does no damage.
The centaur closely misses you. The centaur kicks you.
The nameless horror completely misses you.
Your hound bites the nameless horror but does no damage.
Okay, then.
Okay, then.
As you read the scroll labelled MIDUINGAQO, it crumbles to dust.
It is a scroll of identify.
o - a scroll of immolation The centaur closely misses you.
The centaur misses you.
Your hound bites the nameless horror but does no damage.
Send 'em back where they came from!
Your hound shudders.
Your magical contamination has completely faded away.
Unknown command.
Unknown command.
Unknown command.
The air fills with toxic fumes!
As you read the scroll labelled WIFYRIUPIE, it crumbles to dust.
It was a scroll of poison.
The centaur hits you.
* * * LOW HITPOINT WARNING * * *
The centaur closely misses you.
Your hound bites the nameless horror but does no damage.
The centaur hits you.
* * * LOW HITPOINT WARNING * * *
The centaur kicks you.
* * * LOW HITPOINT WARNING * * *
The nameless horror misses you.
Your hound bites the nameless horror.
It was a potion of might.
You feel very mighty all of a sudden. The centaur barely misses you.
The centaur completely misses you.
Your hound bites the nameless horror.
The nameless horror hits you!
You die...

...........#..#
#....####. ....
.......^...##.###§§§§#
.........c.##.##§§§§§##
..............#§§§§§§.#
...<...........§§§§§..#
.........# #h..#§§§..#.
..)......# #..##§§#
.........###...#X§# .
.............#.#@h#....
...........###§c§§§#
.....#.#.†.# #§###§#
#...#.#.#...#### §§§
##.#.#.#.#...... .§§§
#...#.>.#....... ##§§§§
...#.#.#.#.##..# §§§§
##..#.#.#..# .... §§§
##...#.#...# .##


You could see a nameless horror (ally target), a centaur (weak-willed) and a
friendly hound (summoned, weak-willed).

Vanquished Creatures
  An orc priest (D:4)
  Jessica (D:3)
  An orc wizard (D:3)
  A worm (D:2)
  6 orcs
  An endoplasm (D:1)
  3 goblins
  A hobgoblin (D:1)
  A quokka (D:2)
  2 bats (D:1)
  2 frilled lizards
  2 kobolds
  A rat (D:2)
23 creatures vanquished.

Vanquished Creatures (collateral kills)
  Sigmund (D:3)
  A lemure (D:4)
  A sleepcap (D:4)
  2 iguanas (D:4)
  4 adders
  2 worms
  2 orcs (D:4)
  3 bats (D:1)
  2 endoplasms
  4 goblins
  3 hobgoblins
  A quokka (D:2)
  A ball python (D:4)
  3 kobolds
30 creatures vanquished.

Grand Total: 53 creatures vanquished

Notes
Turn   | Place    | Note
-------+----------+-------------------------------------------
     0 | D:1      | cforsyth the Octopode Summoner began the quest for the Orb.
     0 | D:1      | Reached XP level 1. HP: 11/11 MP: 3/3
   303 | D:1      | Reached XP level 2. HP: 16/17 MP: 1/5
   306 | D:1      | Learned a level 2 spell: Call Imp
  1209 | D:2      | Reached XP level 3. HP: 21/21 MP: 6/6
  1213 | D:2      | Learned a level 3 spell: Call Canine Familiar
  1636 | D:2      | Noticed Terence
  2281 | D:3      | Noticed Jessica
  2287 | D:3      | Killed Jessica
  2288 | D:3      | Reached XP level 4. HP: 21/27 MP: 6/8
  2384 | D:3      | Learned a level 3 spell: Summon Guardian Golem
  2430 | D:3      | Found a sacrificial altar of Ru.
  2442 | D:3      | Reached skill level 5 in Summonings
  2462 | D:3      | Noticed Sigmund
  2474 | D:3      | Killed Sigmund
  2475 | D:3      | Reached XP level 5. HP: 23/31 MP: 6/11
  2475 | D:3      | Reached XP level 6. HP: 27/36 MP: 6/12
  2540 | D:3      | Found a broken altar of Ashenzari.
  3040 | D:4      | Found a shimmering blue altar of Sif Muna.
  3255 | D:5      | Entered Level 5 of the Dungeon
  3260 | D:5      | Noticed Pikel
  3552 | D:4      | Found a burning altar of Makhleb.
  3552 | D:4      | Noticed a blizzard demon
  3633 | D:4      | Found a staircase to the Ecumenical Temple.
  3643 | Temple   | Entered the Ecumenical Temple
  3860 | D:4      | Learned a level 4 spell: Summon Lightning Spire
  3904 | D:4      | Noticed a nameless horror
  3920 | D:4      | Mangled by a nameless horror

Illustrated notes

Levels and vault maps discovered:
D:1:      minmay_arrival_wavy_path, layout_basic
D:2:      layout_loops_ring, uniq_terence
D:3:      layout_basic, hangedman_ru_absence, evilmike_ruin_ashenzari,
          serial_rivers, chequers_serial_rivers_small_a,
          chequers_serial_rivers_small_3, chequers_serial_rivers_small_3,
          chequers_serial_rivers_room_b, uniq_jessica, uniq_sigmund
D:4:      layout_cave_pools, makhleb_altar_promises_db,
          mainiacjoe_overflow_concentric_impassable, minmay_temple_entry_grid
D:5:      layout_gridville, kennysheep_mini, serial_shops, shop,
          minmay_joined_circles, uniq_pikel, uniq_eustachio, uniq_ijyb
Temple:   chequers_temple_sunken

Skill      XL: |  1  2  3  4 |
---------------+-------------+-----
Spellcasting   | 3 4 |  4.4
Summonings     | 5 |  5.9
Hexes          | 2 |  2.8
Dodging        | |  2.0
Stealth        | |  2.6

Action                     |  1- 3 |  4- 6 || total
---------------------------+-------+-------++-------
  Melee: Unarmed           |    38 |    32 ||    70
         Tentacles         |    10 |    10 ||    20
         Constrict         |     9 |     9 ||    18
   Cast: Summon Small Mamm |    32 |    11 ||    43
         Call Canine Famil |     5 |    13 ||    18
         Call Imp          |     4 |    12 ||    16
         Summon Guardian G |       |     3 ||     3
    Use: Scroll            |       |     4 ||     4
         Potion            |       |     1 ||     1
   Stab: Sleeping          |     3 |       ||     3
 Armour: Skin              |     7 |       ||     7
  Dodge: Dodged            |    25 |    62 ||    87

Table legend: (Time is in decaauts)
 A = Elapsed time spent in this place.
 B = Non-inter-level travel time spent in this place.
 C = Inter-level travel time spent in this place.
 D = Time resting spent in this place.
 E = Time spent auto-exploring this place.
 F = Levels seen in this place.
 G = Mean time per level.
                   A        B        C        D        E       F      G
               +--------+--------+--------+--------+--------+-----+--------+
         Total |   3919 |   3753 |    166 |    382 |   2664 |   6 |  653.2 |
       Dungeon |   3726 |   3572 |    154 |    382 |   2492 |   5 |  745.2 |
        Temple |    192 |    180 |     12 |      0 |    172 |   1 |  192.0 |
               +--------+--------+--------+--------+--------+-----+--------+

Top non-repeatable levels by time:
     D:1: 1217 daAuts
     D:2: 1022 daAuts
     D:3: 743 daAuts
     D:4: 729 daAuts
  Temple: 192 daAuts
     D:5: 13 daAuts
